 Dungeon Crawl Stone Soup version bcrawl-1.19.2-6-g6a88ae04c9 (webtiles) character file.

Game seed: 9399443805445431352

3486 Mrkan the Cleaver (level 9, -7/82 HPs)
             Began as a Minotaur Fighter on Dec 30, 2019.
             Was an Elder of Okawaru.
             Mangled by a nine-headed hydra (10 damage)
             ... on level 8 of the Dungeon.
             The game lasted 00:10:26 (7946 turns).

Mrkan the Cleaver (Minotaur Fighter)                Turns: 7946, Time: 00:10:27

Health: -7/82      AC: 20    Str: 27    XL:     9   Next: 79%
Magic:  8/8        EV:  6    Int:  5    God:    Okawaru [****..]
Gold:   501        SH: 12    Dex: 12    Spells: 8/8 levels left

rFire    . . .     SeeInvis .   a - +0 war axe
rCold    . . .     Gourm    .   c - +0 shield
rNeg     + . .     Faith    .   E - +0 plate armour
rPois    .         Spirit   .   (helmet restricted)
rElec    .         Reflect  .   F - +2 ratskin cloak {+Rats rN+}
rCorr    .         Harm     .   (no gloves)
MR       .....                  z - +2 pair of boots
Stlth    ..........             (no amulet)
HPRegen  0.23/turn              (no ring)
MPRegen  0.11/turn              (no ring)

@: mighty
A: retaliatory headbutt, horns 2
a: Heroism, Renounce Religion, Evoke Ratskin


You were on level 8 of the Dungeon.
You worshipped Okawaru.
Okawaru was greatly pleased with you.
You were very hungry.

You visited 1 branch of the dungeon, and saw 8 of its levels.
You also visited: Sewer and Ossuary.

You collected 837 gold pieces.
You spent 336 gold pieces at shops.

Inventory:

Hand Weapons
 a - a +0 war axe (weapon)
 C - the cursed +0 war axe of Annihilation {vamp, Dex+7 Stlth+}
   (You bought it in a shop on level 7 of the Dungeon)

   It inflicts no extra harm, but heals its wielder when it wounds a living foe.
   It affects your dexterity (+7).
   It makes you more stealthy.
   It has a curse placed upon it.
Armour
 c - a +0 shield (worn)
 z - a +2 pair of boots (worn)
 E - a +0 plate armour (worn)
 F - the +2 ratskin cloak (worn) {+Rats rN+}
   (You found it on level 7 of the Dungeon)

   It protects you from negative energy.
Jewellery
 n - an uncursed amulet of the acrobat
 x - a +6 ring of dexterity {unknown}
 y - an uncursed ring of flight {unknown}
 A - a +4 ring of evasion {unknown}
Wands
 k - a wand of acid (3)
Scrolls
 g - 3 scrolls of enchant weapon {unknown}
 h - 6 scrolls of identify {unknown}
 i - 2 scrolls of magic mapping {unknown}
 j - 3 scrolls of teleportation {unknown}
 l - 2 scrolls of fog {unknown}
 o - 2 scrolls of enchant armour {unknown}
 p - 4 scrolls of remove curse {unknown}
 q - 2 scrolls of blinking {unknown}
 s - 2 scrolls of fear {unknown}
 u - 2 scrolls of immolation {unknown}
 D - a scroll of vulnerability {unknown}
Potions
 b - 2 potions of agility {unknown}
 d - a potion of might
 e - 3 potions of haste {unknown}
 m - 3 potions of mutation {unknown}
 r - 5 potions of curing {unknown}
 v - a potion of magic {unknown}
 w - 2 potions of heal wounds {unknown}
Comestibles
 f - 3 rations {!d}


   Skills:
 + Level 8.4 Fighting
 * Level 10.7 Axes
 + Level 8.3 Armour
 + Level 8.4 Shields


You had 8 spell levels left.
You didn't know any spells.
Your spell library was empty.

Dungeon Overview and Level Annotations

Branches:
Dungeon (8/12)             Temple (0/1) D:7
   Lair: D:7-9          Orc: D:8-11

Altars:
Ashenzari
Dithmenos
Fedhas
Gozag
Okawaru
Qazlal
Ru
Sif Muna
Trog
Uskayaw
Vehumet
Wu Jian

Shops:
D:6 ?   D:7 (


Innate Abilities, Weirdness & Mutations

You reflexively headbutt those who attack you in melee.
You have a pair of horns on your head.


Message History

You headbutt the nine-headed hydra!
The nine-headed hydra is severely wounded.
The nine-headed hydra barely misses you.
The nine-headed hydra bites you.
* * * LOW HITPOINT WARNING * * *
The nine-headed hydra bites you!
* * * LOW HITPOINT WARNING * * *
The nine-headed hydra bites you but does no damage.
You block the nine-headed hydra's attack. x2
The nine-headed hydra bites you but does no damage. x2
You block the nine-headed hydra's attack.
Unknown command.
You feel very mighty all of a sudden.
You block the nine-headed hydra's attack.
The nine-headed hydra bites you but does no damage.
You block the nine-headed hydra's attack. x3
The nine-headed hydra bites you but does no damage.
You block the nine-headed hydra's attack.
The nine-headed hydra bites you!
You die...

########## ###
###.........
#########.###.....#####
...........##.###.#######
#######.......# #........
##...##.###(#######
##.###...@.# #.# ###D###
.......T.......
#..####?.######. #..#
#... #.## #. ####### #.
....... #.


You could see a nine-headed hydra and a troll.

Vanquished Creatures
  A troll (D:8)
  Sigmund (D:6)
  A hungry ghost (D:6)
  A crocodile (D:7)
  A black bear (D:8)
  3 sky beasts
  4 phantoms
  2 ogres (D:7)
  3 centaurs
  Blork the orc (D:6)
  3 wights (D:6)
  3 crimson imps
  2 bullfrog zombies
  7 hounds
  A jelly (D:6)
  An orc priest (D:3)
  Crazy Yiuf (D:4)
  4 orc wizards
  2 bullfrog skeletons (D:5)
  2 centaur skeletons
  3 hell rats (D:7)
  4 worker ants
  2 big kobold zombies (Ossuary)
  A hound skeleton (D:5)
  2 mummies (Ossuary)
  Robin (D:2)
  A worker ant zombie (D:5)
  8 adders
  4 river rats (D:7)
  A shadow imp (D:5)
  2 oozes
  4 worms
  3 dart slugs
  8 leopard geckos
  29 orcs
  5 giant cockroaches
  3 gnoll zombies (Ossuary)
  11 hobgoblins
  8 jackals
  5 quokkas
  12 ball pythons
  3 bats (D:2)
  6 frilled lizards
  12 goblins (D:2)
  4 goblin zombies (Ossuary)
  A hobgoblin zombie (Ossuary)
  17 kobolds
  4 orc zombies (Ossuary)
  17 rats
  3 plants
228 creatures vanquished.

Notes
Turn   | Place    | Note
-------+----------+-------------------------------------------
     0 | D:1      | Mrkan the Minotaur Fighter began the quest for the Orb.
     0 | D:1      | Reached XP level 1. HP: 19/19 MP: 0/0
   385 | D:1      | Found an iron altar of Okawaru.
   393 | D:1      | Became a worshipper of Warmaster Okawaru
   401 | D:1      | Reached XP level 2. HP: 16/27 MP: 1/1
   908 | D:2      | Reached skill level 3 in Axes
   922 | D:2      | Reached XP level 3. HP: 31/33 MP: 2/2
  1187 | D:2      | Noticed Robin
  1195 | D:2      | Killed Robin
  1195 | D:2      | Reached XP level 4. HP: 30/40 MP: 3/3
  1296 | D:2      | Found a radiant altar of Vehumet.
  1354 | D:2      | Found an ornate altar of the Wu Jian Council.
  1354 | D:2      | Found a blossoming altar of Fedhas.
  1354 | D:2      | Found a shimmering blue altar of Sif Muna.
  1405 | D:2      | Reached skill level 4 in Axes
  1423 | D:2      | Found a sacrificial altar of Ru.
  1766 | D:3      | Reached XP level 5. HP: 40/47 MP: 4/4
  1879 | D:3      | Reached * piety under Okawaru
  2293 | D:3      | Found a shimmering blue altar of Sif Muna.
  2298 | D:3      | Found an opulent altar of Gozag.
  2850 | D:3      | Reached skill level 5 in Axes
  2909 | D:4      | Noticed a phantom
  2922 | D:4      | Killed a phantom
  2922 | D:4      | Reached skill level 5 in Fighting
  2922 | D:4      | Reached skill level 5 in Armour
  2922 | D:4      | Reached skill level 5 in Shields
  2922 | D:4      | Reached XP level 6. HP: 56/56 MP: 5/5
  2956 | D:4      | Noticed a sky beast
  2962 | D:4      | Killed a sky beast
  2969 | D:4      | Found a bloodstained altar of Trog.
  3063 | D:4      | Found a sand-covered staircase.
  3079 | D:4      | Noticed Eustachio
  3113 | Ossuary  | Entered an ossuary
  3147 | Ossuary  | Reached skill level 6 in Axes
  3249 | Ossuary  | Reached XP level 7. HP: 57/61 MP: 6/6
  3373 | D:4      | Reached ** piety under Okawaru
  3607 | D:4      | Found a runed door.
  3611 | D:4      | Noticed Crazy Yiuf
  3616 | D:4      | Killed Crazy Yiuf
  3664 | D:5      | Entered Level 5 of the Dungeon
  3665 | D:5      | Found a glowing drain.
  3686 | Sewer    | Entered a sewer
  4538 | D:5      | Reached skill level 7 in Axes
  4866 | D:5      | Found a hide-covered altar of Uskayaw.
  4899 | D:5      | Reached XP level 8. HP: 70/70 MP: 7/7
  5143 | D:5      | Found a shadowy altar of Dithmenos.
  5283 | D:5      | Found a stormy altar of Qazlal.
  5385 | D:6      | Found Teulov's Magic Scroll Emporium.
  5470 | D:6      | Reached *** piety under Okawaru
  5655 | D:6      | Reached skill level 8 in Axes
  5754 | D:6      | Noticed Blork the orc
  5759 | D:6      | Killed Blork the orc
  6249 | D:6      | Noticed Sigmund
  6283 | D:6      | Killed Sigmund
  6283 | D:6      | Reached skill level 9 in Axes
  6695 | D:7      | Reached XP level 9. HP: 64/79 MP: 8/8
  6887 | D:7      | Found a staircase to the Ecumenical Temple.
  6965 | D:7      | Found Usewkun's Weapon Shoppe.
  7032 | D:7      | Bought the cursed +0 war axe of Annihilation {vamp, Dex+7
                  | Stlth+} for 336 gold pieces
  7131 | D:7      | Found a shattered altar of Ashenzari.
  7255 | D:7      | Reached **** piety under Okawaru
  7270 | D:7      | Reached skill level 10 in Axes
  7285 | D:7      | Found the +2 ratskin cloak {+Rats rN+}
  7648 | D:8      | Noticed a troll
  7659 | D:8      | Killed a troll
  7933 | D:8      | Noticed a troll
  7933 | D:8      | Noticed a four-headed hydra
  7945 | D:8      | HP: 3/82 [nine-headed hydra (8)]
  7946 | D:8      | Mangled by a nine-headed hydra

Skill      XL: |  1  2  3  4  5  6  7  8  9 |
---------------+----------------------------+-----
Axes           | 3 4 5 6 7 9 10 | 10.7
Fighting       | 4 5 6 7 8 |  8.4
Armour         | 4 5 6 7 8 |  8.3
Shields        | 4 5 6 7 8 |  8.4

Action                   |  1- 3 |  4- 6 |  7- 9 || total
-------------------------+-------+-------+-------++-------
Melee: War axe           |    56 |   167 |   436 ||   659
       Headbutt          |    10 |    35 |    80 ||   125
  Use: Potion            |       |       |     1 ||     1
  Eat: Chunk             |     1 |     5 |    17 ||    23
       Ration            |       |       |     3 ||     3
Armor: Scale mail        |    55 |    58 |    76 ||   189
       Chain mail        |       |       |    60 ||    60
       Plate armour      |       |       |    72 ||    72
Dodge: Dodged            |    32 |    56 |    80 ||   168
Block: Shield            |    50 |    92 |   217 ||   359
